 Seeded DCSS version 0.30.1-4-g462c640d31 (webtiles) character file.

Game seed: 20230804 (custom seed)

163 AccursedSamuel the Cudgeller (level 5, -1/31 (32) HPs)
             Began as a Tengu Monk on Aug 10, 2023.
             Succumbed to a kobold's poison
             ... on level 4 of the Dungeon.
             The game lasted 00:06:45 (3268 turns).

AccursedSamuel the Cudgeller (Tengu Monk)           Turns: 3268, Time: 00:06:46

HP:   -1/31 (32)    AC:  7    Str: 17    XL:     5   Next: 44%
MP:   6/6           EV: 13    Int: 10    God:
Gold: 133           SH:  0    Dex: 15    Spells: 4/4 levels left

rFire   . . .        a - +0 mace
rCold   . . .        d - orb {light}
rNeg    . . .        q - +1 scale mail
rPois   .            (helmet restricted)
rElec   .            (no cloak)
rCorr   .            (no gloves)
SInv    .            (boots unavailable)
Will    .....        (no amulet) Stlth
                     (no ring)
HPRegen 0.25/turn    (no ring)
MPRegen 0.10/turn

%: no passive effects
@: lethally poisoned (-1 -> -5), flying quickly and evasively, glowing, lightly
drained, quick
A: beak, talons 3, nimble flight, high MP 1, inhibited regeneration, strong 1,
inability to drink after injury 1
a: no special abilities


You were on level 4 of the Dungeon.
You visited 1 branch of the dungeon, and saw 4 of its levels.

You collected 133 gold pieces.

Inventory:

Hand Weapons
 a - a +0 mace (weapon)
 j - a +0 dagger of draining
Armour
 b - a +0 robe
 d - an orb of light (worn)
 q - a +1 scale mail (worn)
Jewellery
 r - a ring of poison resistance
Wands
 p - a wand of flame (11)
Scrolls
 e - 2 scrolls of teleportation
 k - a scroll of identify
 o - a scroll of blinking
Potions
 c - 3 potions of ambrosia
 f - a potion of heal wounds
 g - a potion of brilliance
 h - 2 potions of mutation
 i - a potion of attraction


   Skills:
 + Level 3.5 Fighting
 + Level 5.4 Maces & Flails
 + Level 1.3 Armour
 + Level 3.8 Dodging
 + Level 0.5 Stealth


You had 4 spell levels left.
You didn't know any spells.
Your spell library contained the following spells:

 Spells                   Type           Power      Damage    Failure   Level
 Apportation              Tloc           0%         N/A       78%         1
 Summon Forest            Summ/Tloc      0%         N/A       100%        5
 Dispersal                Tloc           0%         N/A       100%        6


Dungeon Overview and Level Annotations

Branches:
Dungeon (4/15)
 Temple: D:4-7

Altars:


Innate Abilities, Weirdness & Mutations

You have a beak for a mouth.
You have claws for feet.
Your magical nature lets you fly swiftly and evasively.
You have an increased reservoir of magic. (+10% MP)
You do not regenerate when monsters are visible.
Your muscles are strong. (Str +4, Int/Dex -1)
You occasionally lose the ability to drink potions when taking damage.


Message History

The gnoll is moderately wounded.
The gnoll barely misses you. The gnoll hits you with a +0 spear.
You completely miss the gnoll.
The gnoll is moderately wounded.
The gnoll barely misses you. The gnoll hits you but does no damage.
You thump the gnoll!
The gnoll is almost dead.
The gnoll hits you with a +0 spear!
You feel threatened and lose the ability to drink potions!
* * * LOW HITPOINT WARNING * * *
The gnoll misses you.
You hit the gnoll.
You kill the gnoll!
The gnoll hits you but does no damage. The gnoll closely misses you.
You hit the gnoll. Your kick misses the gnoll. You peck the gnoll.
The gnoll is heavily wounded.
The gnoll hits you with a +0 spear.
* * * LOW HITPOINT WARNING * * *
You hit the gnoll. You claw the gnoll. You peck the gnoll.
You kill the gnoll!
You see here a +0 club.
You can drink potions again.
Things that are here:
a +0 dagger of draining; a goblin corpse
j - a +0 dagger of draining You see here a +0 club.
You reach down and open the door.
There is an open door here.
A kobold comes into view.
It is wielding a +0 whip and quivering poisoned darts.
You hear the slow rusting of a drain nearby.
The kobold throws a poisoned dart.
The poisoned dart hits you!
You are lethally poisoned!
* * * LOW HITPOINT WARNING * * *
You feel very sick.
* * * LOW HITPOINT WARNING * * *
You feel sick.
* * * LOW HITPOINT WARNING * * *
You feel sick.
You die...

# #... ########## # #...
#........# # ###...
#........# # #.....
#........# #
#.....########........# #
##...K.#.....##........# #
#......#.....##........###
#........@....'.....)†....
#.....#########....))..###
..... #........# ##..
#........# ## ##########


There were no monsters in sight!

Vanquished Creatures
  An iguana (D:4)
  An orc wizard (D:3)
  2 adders
  3 gnolls (D:4)
  2 worms
  4 dart slugs
  4 orcs (D:3)
  3 ball pythons
  3 endoplasms
  2 giant cockroaches (D:3)
  4 goblins
  2 hobgoblins
  2 kobolds (D:1)
  5 quokkas
  5 bats
  2 frilled lizards
  5 rats
50 creatures vanquished.

Notes
Turn   | Place    | Note
-------+----------+-------------------------------------------
     0 | D:1      | AccursedSamuel the Tengu Monk began the quest for the Orb.
     0 | D:1      | Reached XP level 1. HP: 14/14 MP: 2/2
    45 | D:1      | Found a faded altar of an unknown god.
   200 | D:1      | Reached XP level 2. HP: 18/19 MP: 3/3
  1142 | D:2      | Reached skill level 4 in Maces & Flails
  1147 | D:2      | Reached XP level 3. HP: 5/23 MP: 4/4
  2016 | D:2      | Gained mutation: Your muscles are strong. (Str +4, Int/Dex
                  | -1) [potion of mutation]
  2016 | D:2      | Gained mutation: You have hidden genetic defects. [potion
                  | of mutation]
  2016 | D:2      | Gained mutation: You have an increased reservoir of magic.
                  | (+10% MP) [potion of mutation]
  2148 | D:3      | Reached XP level 4. HP: 28/28 MP: 5/5
  2152 | D:3      | Got the Almanac of Location
  2251 | D:3      | Gained mutation: You do not regenerate when monsters are
                  | visible. [hidden defects]
  2969 | D:3      | Gained mutation: You occasionally lose the ability to drink
                  | potions when taking damage. [hidden defects]
  2969 | D:3      | Lost mutation: You have hidden genetic defects. [hidden
                  | defects expressed]
  2977 | D:3      | Reached skill level 5 in Maces & Flails
  3178 | D:4      | Reached skill level 1 in Armour
  3178 | D:4      | Gained mutation: Your magical nature lets you fly swiftly
                  | and evasively. [Tengu growth]
  3178 | D:4      | Reached XP level 5. HP: 21/32 MP: 6/6
  3267 | D:4      | HP: 1/31 [poisoned by a kobold]
  3268 | D:4      | Succumbed to a kobold's poison

Illustrated notes

Levels and vault maps discovered:
D:1:      roderic_octagonal_star, layout_basic,
          hellmonk_ecumenical_altar_run_dry, minmay_box_of_dots
D:2:      layout_loops_ring
D:3:      layout_basic, serial_aquarium, aquarium_bridge_long_separate
          [aquarium_subvault_wall, aquarium_subvault_wall,
          aquarium_subvault_bridge, aquarium_subvault_wall,
          aquarium_subvault_bridge, aquarium_subvault_bridge],
          aquarium_window_1, aquarium_window_fake, aquarium_view_2d,
          aquarium_view_4, aquarium_pool_1
D:4:      layout_basic, gammafunk_temple_overflow_forgotten,
          portal_sewer_entry_b

Skill      XL: |  1  2  3  4 |
---------------+-------------+-----
Maces & Flails | 4 5 |  5.4
Armour         | 1 |  1.3
Fighting       | |  3.5
Dodging        | |  3.8
Stealth        | |  0.5

Action                     |  1- 3 |  4- 6 || total
---------------------------+-------+-------++-------
  Melee: Mace              |    77 |    35 ||   112
         Peck              |    13 |     6 ||    19
         Kick              |    14 |    12 ||    26
    Use: Scroll            |     6 |     1 ||     7
         Potion            |     5 |     3 ||     8
 Armour: Robe              |    12 |       ||    12
         Scale mail        |     6 |     6 ||    12
  Dodge: Dodged            |    69 |    21 ||    90
